 Dungeon Crawl Stone Soup version 0.24-a0-170-gd8427f5 (webtiles) character file.

Game seed: 2985103071584840276

322 galech the Covered (level 6, -2/48 HPs)
             Began as a Demonspawn Fighter on Mar 11, 2019.
             Slain by an ogre
             ... wielding a +0 giant spiked club
              (24 damage)
             ... on level 4 of the Dungeon.
             The game lasted 00:03:53 (3204 turns).

galech the Covered (Demonspawn Fighter)             Turns: 3204, Time: 00:03:54

Health: -2/48      AC: 10    Str: 17    XL:     6   Next: 22%
Magic:  6/6        EV:  8    Int:  9    God:
Gold:   118        SH:  9    Dex: 14    Spells: 5/5 levels left

rFire    . . .     SeeInvis .   a - +0 war axe
rCold    . . .     Gourm    .   c - +0 shield
rNeg     . . .     Faith    .   b - +0 scale mail
rPois    .         Spirit   .   (no helmet)
rElec    .         Reflect  .   (no cloak)
rCorr    .         Harm     .   e - +1 pair of gloves
MR       .....                  j - +0 pair of boots
Stlth    +.........             p - amulet of inaccuracy (curse)
HPRegen  0.16/turn              (no ring)
MPRegen  0.10/turn              (no ring)

@: no status effects
A: claws 2, sturdy frame 1
a: no special abilities


You were on level 4 of the Dungeon.
You were not hungry.

You visited 1 branch of the dungeon, and saw 4 of its levels.

You collected 118 gold pieces.

Inventory:

Hand Weapons
 a - a +0 war axe (weapon)
Armour
 b - a +0 scale mail (worn)
 c - a +0 shield (worn)
 e - a +1 pair of gloves (worn)
 j - a +0 pair of boots (worn)
Jewellery
 p - a cursed amulet of inaccuracy (around neck)
Scrolls
 d - 2 scrolls of teleportation
 g - a scroll of noise
 l - a scroll of fog
Potions
 i - a potion of agility {unknown}
 k - a potion of cancellation {unknown}
 m - a potion of flight {unknown}
 q - a potion of mutation {unknown}
 r - a potion of brilliance {unknown}
Comestibles
 f - 8 rations
 h - 5 chunks of flesh


   Skills:
 + Level 3.9 Fighting
 + Level 3.6 Axes
 + Level 3.9 Armour
 + Level 1.5 Dodging
 + Level 0.2 Stealth
 + Level 3.4 Shields


You had 5 spell levels left.
You didn't know any spells.
Your spell library was empty.

Dungeon Overview and Level Annotations

Branches:
Dungeon (4/15)
 Temple: D:4-7

Altars:
Hepliaklqana
Nemelex Xobeh
Okawaru


Innate Abilities, Weirdness & Mutations

You have very sharp fingernails.
Your movements are slightly less encumbered by armour. (ER -2)


Message History

You are too injured to fight recklessly!
You are too injured to fight recklessly!
You are too injured to fight recklessly!
You hit the ogre.
The ogre is moderately wounded.
You block the ogre's attack.
You slash the ogre!
The ogre is heavily wounded.
The ogre closely misses you. x2
You barely miss the ogre.
The ogre is heavily wounded.
You block the ogre's attack.
You hit the ogre.
The ogre is severely wounded.
You block the ogre's attack.
You slash the ogre!
The ogre is almost dead.
The ogre hits you with a +0 giant spiked club!!
Ouch! That really hurt!
You die...

.# #. #. ##.#......
...##. .........##
...... .:. .......
....#.##.###.#...
........##..#.#
..♣.O.#.###.#.###
♣.♣.@.........<####
♣.♣..............#
♣.♣.♣..#...###.##.#
♣._.♣.♣.#...###.# #
♣.♣.♣.♣..........##.##
..♣.♣.♣...[............
...♣.♣....#.#####.#####
#...♣...#.#.# #.#
............. .#


You could see an ogre.

Vanquished Creatures
  A black bear (D:3)
  10 gnolls
  5 adders
  An ooze (D:1)
  5 dart slugs
  3 leopard geckos (D:3)
  2 orcs
  A ball python (D:2)
  5 giant cockroaches
  10 goblins
  7 hobgoblins
  2 jackals (D:1)
  A quokka (D:3)
  5 bats
  2 frilled lizards
  7 kobolds
  7 rats
74 creatures vanquished.

Notes
Turn   | Place    | Note
-------+----------+-------------------------------------------
     0 | D:1      | galech the Demonspawn Fighter began the quest for the Orb.
     0 | D:1      | Reached XP level 1. HP: 18/18 MP: 1/1
    57 | D:1      | Gained mutation: Your movements are slightly less
                  | encumbered by armour. (ER -2) [demonic ancestry]
    57 | D:1      | Reached XP level 2. HP: 24/24 MP: 2/2
   703 | D:1      | Reached XP level 3. HP: 28/29 MP: 3/3
   858 | D:1      | Found a sparkling altar of Nemelex Xobeh.
  1753 | D:3      | Reached XP level 4. HP: 31/35 MP: 4/4
  2046 | D:3      | Noticed a black bear
  2058 | D:3      | Killed a black bear
  2058 | D:3      | Gained mutation: You have sharp fingernails. [demonic
                  | ancestry]
  2058 | D:3      | Reached XP level 5. HP: 25/41 MP: 5/5
  2087 | D:3      | Reached skill level 1 in Dodging
  2311 | D:3      | Gained mutation: You have very sharp fingernails. [demonic
                  | ancestry]
  2311 | D:3      | Reached XP level 6. HP: 20/48 MP: 6/6
  2528 | D:3      | HP: 2/48 [gnoll/+0 halberd of venom (3)]
  3130 | D:3      | Found a hazy altar of Hepliaklqana.
  3193 | D:4      | Found an iron altar of Okawaru.
  3204 | D:4      | Slain by an ogre

Levels and vault maps discovered:
D:1:      erik_arrival_blinker_ship, layout_loops_ring,
          nemelex_diamond_rough_becter
D:2:      layout_loops_corners, first_ration, minmay_crystal_water
D:3:      layout_basic, lemuel_coloured_pillars_altar
D:4:      layout_loops_corners, lemuel_crystal_altar, okawaru_trees_2,
          minmay_temple_entry_drinking_statues, uniq_crazy_yiuf_cottage,
          uniq_ijyb, uniq_sigmund, uniq_edmund

Skill      XL: |  1  2  3  4  5 |
---------------+----------------+-----
Armour         | 3 |  3.9
Axes           | 2 3 |  3.6
Shields        | 3 |  3.4
Dodging        | 1 |  1.5
Fighting       | |  3.9
Stealth        | |  0.2

Action                   |  1- 3 |  4- 6 || total
-------------------------+-------+-------++-------
Melee: War axe           |   107 |   132 ||   239
  Use: Potion            |       |     5 ||     5
       Scroll            |       |     5 ||     5
 Stab: Distracted        |     1 |       ||     1
  Eat: Chunk             |     3 |     5 ||     8
Armor: Scale mail        |    49 |    90 ||   139
Dodge: Dodged            |    30 |    70 ||   100
Block: Shield            |    39 |    94 ||   133

Table legend:
 A = Non-vault XP
 B = Vault XP
 C = Vault XP percentage of total XP
 D = Non-vault monster count
 E = Vault monster count
 F = Vault count percentage of total count
                 A         B        C        D         E       F
            +---------+---------+-------+---------+---------+-------
      Total |     461 |       0 |   0.0 |      74 |       0 |   0.0
            +---------+---------+-------+---------+---------+-------
        D:1 |      52 |       0 |   0.0 |      23 |       0 |   0.0
        D:2 |      50 |       0 |   0.0 |      13 |       0 |   0.0
        D:3 |     356 |       0 |   0.0 |      37 |       0 |   0.0
        D:4 |       3 |       0 |   0.0 |       1 |       0 |   0.0
            +---------+---------+-------+---------+---------+-------
